 Dungeon Crawl Stone Soup version 0.28.0-43-g3370ac3207 (webtiles) character file.

Game seed: 13061811870174903485

37 themarg the Gusty (level 3, -2/19 HPs)
             Began as a Tengu Air Elementalist on Feb 28, 2022.
             Killed from afar by Sigmund (9 damage)
             ... with a magic dart
             ... on level 2 of the Dungeon.
             The game lasted 00:04:59 (1712 turns).

themarg the Gusty (Tengu Air Elementalist)          Turns: 1712, Time: 00:05:00

Health: -2/19      AC:  2    Str:  8    XL:     3   Next: 41%
Magic:  1/7        EV: 12    Int: 17    God:
Gold:   32         SH:  0    Dex: 14    Spells: 3/6 levels left

rFire   . . .      SeeInvis .   k - +0 short sword
rCold   . . .      Faith    .   (no shield)
rNeg    . . .      Spirit   .   a - +0 robe
rPois   .          Reflect  .   (helmet restricted)
rElec   .          Harm     .   (no cloak)
rCorr   .          Rampage  .   (no gloves)
Will    .....                   (boots unavailable)
Stlth   +.........              (no amulet)
HPRegen 0.06/turn               (no ring)
MPRegen 0.10/turn               (no ring)

@: confused
A: beak, talons 3
a: no special abilities


You were on level 2 of the Dungeon.
You visited 1 branch of the dungeon, and saw 2 of its levels.

You collected 32 gold pieces.

Inventory:

Hand Weapons
 f - a +0 dagger
 k - a +0 short sword (weapon)
Missiles
 c - 42 stones
Armour
 a - a +0 robe (worn)
Scrolls
 b - a scroll of enchant weapon {unknown}
 d - a scroll of enchant armour {unknown}
 h - a scroll of identify
 j - a scroll of blinking {unknown}
 l - a scroll of teleportation {unknown}
 m - a scroll of amnesia {unknown}
Potions
 e - a potion of haste {unknown}
 g - a potion of brilliance {unknown}
 i - 4 potions of curing


   Skills:
 + Level 2.6 Dodging
 + Level 2.4 Stealth
 + Level 2.3 Spellcasting
 + Level 2.2 Conjurations
 + Level 4.4 Air Magic


You had 3 spell levels left.
You knew the following spells:

 Your Spells              Type           Power      Damage    Failure   Level
a - Shock                 Conj/Air       52%        1d6       4%          1
b - Static Discharge      Conj/Air       13%        N/A       7%          2

Your spell library contained the following spells:

 Spells                   Type           Power      Damage    Failure   Level
 Swiftness                Air            17%        N/A       9%          3
 Airstrike                Air            8%         N/A       30%         4


Dungeon Overview and Level Annotations

Branches:
Dungeon (2/15)

Altars:

Annotations:
D:2 1 runed translucent door, Crazy Yiuf, Sigmund


Innate Abilities, Weirdness & Mutations

You have a beak for a mouth.
You have claws for feet.


Message History

Sigmund is struck by an arc of lightning.
Sigmund is moderately wounded.
The lightning grounds out.
Sigmund barely misses you.
Casting: Static Discharge (safe; 7% risk of failure)
Confirm with . or Enter, or press ? or * to list all spells.
You don't have enough magic to cast this spell.
Unknown command.
You hit Sigmund. You claw Sigmund.
Sigmund is heavily wounded.
Sigmund misses you.
You hit Sigmund but do no damage.
Sigmund is heavily wounded.
A nearby plant withers and dies. x2; Sigmund barely misses you.
You hit Sigmund but do no damage. Your kick misses Sigmund.
Sigmund is heavily wounded.
You hit Sigmund but do no damage.
Sigmund is heavily wounded.
Sigmund gestures at you while chanting.
You are confused.
You're too confused to cast spells.
Sorry, you're not good enough to have a special ability.
Unknown command.
You're too confused to cast spells.
Sorry, you're not good enough to have a special ability.
Unknown command.
Sigmund misses you.
You completely miss Sigmund. You claw Sigmund. Your peck misses Sigmund.
Sigmund is severely wounded.
Sigmund points at you and mumbles some strange words.
The puff of flame hits you!
You hit the plant.
The plant begins to die.
You claw the plant. You peck the plant.
The plant is lightly damaged.
Sigmund gestures at you while chanting.
You are more confused.
You miss Sigmund. You claw Sigmund. Your peck misses Sigmund.
Sigmund is severely wounded.
Sigmund gestures at you while chanting. The magic dart hits you!
You die...

.....# #...P.P≈≈≈≈..PP.#.###
#.#..# #...P.≈≈≈≈≈..P.?.....
#.#..###.#..≈≈≈≈≈≈≈P......$.
#........#P≈≈≈≈≈≈≈≈≈≈.......
###..#####.≈≈≈≈≈≈≈≈≈≈.......
#..# #..≈≈≈≈≈≈≈≈PP...@..
#..#####...≈≈≈≈≈........<.
####......#....P≈≈...........
......###.#.....@@...P?......
#########.######.#.#.####.###
#.#÷...............#
##.###.######.###### ### #.#
#.# #.# #.# #####.######.#
##### #............#
...÷#####.###.########


You could see Sigmund.

Vanquished Creatures
  An adder (D:2)
  4 ball pythons
  2 bats (D:2)
  5 endoplasms
  A goblin (D:1)
  3 hobgoblins
  A quokka (D:1)
  2 frilled lizards
  6 kobolds
25 creatures vanquished.

Vanquished Creatures (others)
  4 plants (D:2)
4 creatures vanquished.

Grand Total: 29 creatures vanquished

Notes
Turn   | Place    | Note
-------+----------+-------------------------------------------
     0 | D:1      | themarg the Tengu Air Elementalist began the quest for the
                  | Orb.
     0 | D:1      | Reached XP level 1. HP: 10/10 MP: 4/4
   447 | D:1      | Reached XP level 2. HP: 15/15 MP: 1/6
  1198 | D:1      | Learned a level 2 spell: Static Discharge
  1343 | D:2      | Reached XP level 3. HP: 19/19 MP: 2/7
  1564 | D:2      | Found a runed translucent door.
  1565 | D:2      | Noticed Crazy Yiuf
  1662 | D:2      | Noticed Sigmund
  1712 | D:2      | Killed from afar by Sigmund

Illustrated notes

Levels and vault maps discovered:
D:1:      evilmike_arrival_rings, layout_basic
D:2:      layout_loops_ring, hellmonk_ecumenical_altar_crossroads,
          minmay_tree_intersection, hex_medium, guppyfry_early_lair_pool,
          uniq_sigmund, uniq_crazy_yiuf_cottage

Skill      XL: |  1  2 |
---------------+-------+-----
Conjurations   | 2 |  2.2
Dodging        | |  2.6
Stealth        | |  2.4
Spellcasting   | |  2.3
Air Magic      | |  4.4

Action                   || total
-------------------------++-------
Melee: Dagger            ||     5
       Kick              ||     6
       Short sword       ||    12
       Peck              ||     1
 Cast: Shock             ||    47
       Static Discharge  ||     5
  Use: Scroll            ||     1
Armor: Robe              ||     3
Dodge: Dodged            ||    10
